 Dungeon Crawl Stone Soup version 0.28-a0-664-gc179e30c89 (webtiles) character file.

Game seed: 4539876579066349069

39 bande the Shield-Bearer (level 3, -6/24 HPs)
             Began as a Gargoyle Fighter on Oct 16, 2021.
             Mangled by a river rat (7 damage)
             ... in a sewer.
             The game lasted 00:04:25 (1695 turns).

bande the Shield-Bearer (Gargoyle Fighter)          Turns: 1695, Time: 00:04:26

Health: -6/24      AC: 12    Str: 20    XL:     3   Next: 47%
Magic:  3/3        EV:  9    Int:  8    God:
Gold:   99         SH:  4    Dex:  9    Spells: 2/2 levels left

rFire   . . .      SeeInvis .   a - +0 war axe
rCold   . . .      Faith    .   c - +0 buckler
rNeg    + . .      Spirit   .   b - +0 scale mail
rPois   ∞          Reflect  .   g - +0 helmet
rElec   +          Harm     .   (no cloak)
rCorr   .          Rampage  .   (no gloves)
Will    .....                   h - +0 pair of boots
Stlth   ..........              (no amulet)
HPRegen 0.08/turn               (no ring)
MPRegen 0.08/turn               (no ring)

@: no status effects
A: sickness immunity, AC +3, negative energy resistance 1, electricity
resistance, torment resistance 1, petrification resistance
a: no special abilities


You were in a sewer.
You visited 1 branch of the dungeon, and saw 3 of its levels.
You also visited: Sewer.

You collected 99 gold pieces.

Inventory:

Hand Weapons
 a - a +0 war axe (weapon)
Armour
 b - a +0 scale mail (worn)
 c - a +0 buckler (worn)
 g - a +0 helmet (worn)
 h - a +0 pair of boots (worn)
Wands
 i - a wand of mindburst (10)
Scrolls
 f - 2 scrolls of identify
Potions
 d - a potion of might
 e - 3 potions of brilliance


   Skills:
 + Level 3.7 Fighting
 + Level 2.1 Axes
 + Level 3.6 Armour
 + Level 4.0 Shields


You had 2 spell levels left.
You didn't know any spells.
Your spell library contained the following spells:

 Spells                   Type           Power      Damage    Failure   Level
 Animate Skeleton         Necr           0%         N/A       77%         1
 Apportation              Tloc           0%         N/A       77%         1
 Summon Small Mammal      Summ           0%         N/A       77%         1


Dungeon Overview and Level Annotations

Branches:
Dungeon (3/15)              Sewer (1/1)

Altars:


Innate Abilities, Weirdness & Mutations

You are immune to sickness and miasma.
Your stone body is resilient. (AC +3)
You are immune to poison.
You resist negative energy. (rN+)
You are resistant to electric shocks. (rElec)
You are resistant to unholy torment.
You are immune to petrification.


Message History

You block the river rat's attack.
Unknown command.
Unknown command.
You closely miss the river rat. You hit the river rat but do no damage.
The river rat barely misses you. You block the river rat's attack.
Unknown command.
You hit the river rat but do no damage. You hit the river rat.
The river rat bites you but does no damage.
The river rat closely misses you.
The river rat bites you but does no damage.
The river rat closely misses you. The river rat closely misses you.
You block the river rat's attack. The river rat barely misses you.
The river rat bites you. You block the river rat's attack.
You block the river rat's attack. The river rat bites you.
You block the river rat's attack. The river rat bites you.
* * * LOW HITPOINT WARNING * * *
The river rat bites you but does no damage.
The river rat bites you but does no damage.
The river rat bites you.
* * * LOW HITPOINT WARNING * * *
The river rat completely misses you.
There is a gate leading back out of this place here.
You hit the river rat but do no damage.
The river rat is lightly wounded.
You slash the river rat!
The river rat bites you but does no damage.
The river rat barely misses you.
You completely miss the river rat.
The river rat is lightly wounded.
You barely miss the river rat. The river rat misses you.
The river rat bites you but does no damage.
The river rat bites you.
* * * LOW HITPOINT WARNING * * *
You barely miss the river rat.
The river rat is lightly wounded.
You barely miss the rat. You closely miss the river rat.
The river rat bites you but does no damage.
You block the rat's attack. The river rat bites you!
You die...

###################
≈≈≈≈≈≈≈≈≈≈≈≈≈≈#...##
≈≈≈≈.≈≈≈≈≈≈≈≈≈≈....#
≈≈≈≈≈≈≈≈≈≈≈≈≈≈≈r∩..#
≈≈≈≈≈r≈≈#≈≈≈rr≈r@..#
≈≈≈≈≈≈.≈≈≈≈≈≈≈≈r...#
≈≈≈≈≈≈≈≈≈≈≈≈≈≈....##
###################


You could see 2 river rats and 3 rats.

Vanquished Creatures
  An adder (D:2)
  A dart slug (D:1)
  An orc (D:2)
  2 ball pythons
  3 bats (D:1)
  2 endoplasms
  2 giant cockroaches
  2 goblins (D:2)
  A hobgoblin (D:1)
  4 kobolds (D:1)
  A quokka (D:1)
  A frilled lizard (D:2)
  5 rats
26 creatures vanquished.

Notes
Turn   | Place    | Note
-------+----------+-------------------------------------------
     0 | D:1      | bande the Gargoyle Fighter began the quest for the Orb.
     0 | D:1      | Reached XP level 1. HP: 14/14 MP: 1/1
   142 | D:1      | Reached XP level 2. HP: 19/19 MP: 2/2
   150 | D:1      | Found a faded altar of an unknown god.
  1142 | D:2      | Reached XP level 3. HP: 23/23 MP: 3/3
  1329 | D:2      | Reached skill level 4 in Shields
  1640 | D:3      | Found a glowing drain.
  1647 | Sewer    | Entered a sewer
  1694 | Sewer    | HP: 1/24 [river rat (1)]
  1695 | Sewer    | Mangled by a river rat

Illustrated notes

Levels and vault maps discovered:
D:1:      amcnicky_arrival_wind_blow, layout_basic,
          hellmonk_ecumenical_altar_leap_of_faith
D:2:      layout_basic, minmay_splitting_lines
D:3:      layout_basic, gup_sewer_entry_pipe, minmay_fractal_squares_gapless_5
Sewer:    sewer_minmay_w

Skill      XL: |  1  2  3 |
---------------+----------+-----
Axes           | 2 |  2.1
Shields        | 4 |  4.0
Fighting       | |  3.7
Armour         | |  3.6

Action                   || total
-------------------------++-------
Melee: War axe           ||    73
  Use: Scroll            ||     5
       Potion            ||     1
Armor: Scale mail        ||    56
Dodge: Dodged            ||    51
Block: Buckler           ||    25

Table legend: (Time is in decaauts)
 A = Elapsed time spent in this place.
 B = Non-inter-level travel time spent in this place.
 C = Inter-level travel time spent in this place.
 D = Time resting spent in this place.
 E = Time spent auto-exploring this place.
 F = Levels seen in this place.
 G = Mean time per level.
                   A        B        C        D        E       F      G
               +--------+--------+--------+--------+--------+-----+--------+
         Total |   1744 |   1744 |      0 |      0 |   1393 |   4 |  436.0 |
       Dungeon |   1675 |   1675 |      0 |      0 |   1377 |   3 |  558.3 |
         Sewer |     69 |     69 |      0 |      0 |     16 |   1 |   69.0 |
               +--------+--------+--------+--------+--------+-----+--------+

Top non-repeatable levels by time:
     D:1: 1035 daAuts
     D:2: 578 daAuts
   Sewer: 69 daAuts
     D:3: 61 daAuts
